MLB
SAN FRANCISCO GIANTS @ LOS ANGELES ANGELS
05/19/2099
 
TOP OF THE 1ST
San Francisco Giants batting - Pitching for Los Angeles Angels : LHP Jay Meltzer
Pitching: LHP Jay Meltzer
Batting: RHB Erik Mulloy 0-0: Ball
1-0: SINGLE (Line Drive, 7LS, EV 103.1 MPH)
Batting: RHB Dave Melton 0-0: Called Strike
0-1: Sac Bunt to 23 - play at first, batter OUT! 3-4
Erik Mulloy to second
Batting: RHB David Bishop 0-0: 2-RUN HOME RUN (Flyball, 7LD, EV 91.3 MPH), Distance : 336 ft
Batting: RHB Masataka Kato 0-0: Called Strike
0-1: Foul Ball, location: 23F
0-2: Foul Ball, location: 2RF
0-2: Foul Ball, location: 2F
0-2: Ball
1-2: Fly out, F4 (Popup, 34S, EV 76.3 MPH)
Batting: RHB Danny Bute 0-0: Ball
1-0: Foul Ball, location: 23FF
1-1: Ball
2-1: Foul Ball, location: 3FF
2-2: Foul Ball, location: 2F
2-2: Strikes out looking
Top of the 1st over - 2 runs, 2 hits, 0 errors, 0 left on base; San Francisco 2 - Los Angeles 0
BOTTOM OF THE 1ST
Los Angeles Angels batting - Pitching for San Francisco Giants : RHP Tony Wise
Pitching: RHP Tony Wise
Batting: RHB Matthew Allen 0-0: Ground out U3 (Groundball, 34, EV 105.0 MPH)
Batting: RHB Mel Garcia 0-0: Foul Ball, location: 25F
0-1: Ground out 6-3 (Groundball, 56, EV 84.4 MPH)
Batting: LHB Matt Evans 0-0: Ball
1-0: Ball
2-0: Foul Ball, location: 25FF
2-1: Fly out, F8 (Flyball, 8RD, EV 83.8 MPH)
Bottom of the 1st over - 0 runs, 0 hits, 0 errors, 0 left on base; San Francisco 2 - Los Angeles 0
TOP OF THE 2ND
San Francisco Giants batting - Pitching for Los Angeles Angels : LHP Jay Meltzer
Batting: LHB Eric Plaunt 0-0: Foul Ball, location: 2F
0-1: Foul Ball, location: 2F
0-2: Ball
1-2: Strikes out swinging
Batting: RHB Luis Juarez 0-0: Ball
1-0: Ball
2-0: Ground out 4-3 (Groundball, 4, EV 87.5 MPH)
Batting: RHB Ben Presley 0-0: Called Strike
0-1: Swinging Strike
0-2: Fly out, F7 (Flyball, 7D, EV 106.9 MPH)
Top of the 2nd over - 0 runs, 0 hits, 0 errors, 0 left on base; San Francisco 2 - Los Angeles 0
BOTTOM OF THE 2ND
Los Angeles Angels batting - Pitching for San Francisco Giants : RHP Tony Wise
Batting: RHB Jimmy Powell 0-0: Ball
1-0: Ball
2-0: Called Strike
2-1: Swinging Strike
2-2: Strikes out swinging
Batting: RHB Fethi Yazîcîzâde 0-0: Called Strike
0-1: SINGLE (Flyball, 78S, EV 94.4 MPH)
Batting: LHB Ken Calhoun 0-0: Foul Ball, location: 2F
0-1: Ball
1-1: Fly out, F9 (Flyball, 9, EV 94.4 MPH)
Batting: SHB Justin Williams 0-0: Ball
1-0: Foul Ball, location: 23F
1-1: Ball
2-1: Called Strike
2-2: SINGLE (Groundball, 34D, EV 95.6 MPH)
Fethi Yazîcîzâde to second
Runner from 2nd tries for 3rd, SAFE, throw by RF made to third
Batting: RHB David Whitehead 0-0: Ball
1-0: Foul Ball, location: 5F
1-1: SINGLE (Groundball, 34D, EV 103.1 MPH)
Fethi Yazîcîzâde scores
Justin Williams to second
Runner from 2nd tries for 3rd, SAFE, throw by RF made to third
Batting: RHB Mat Bushey 0-0: Swinging Strike
0-1: Fielders Choice at 2nd, U4 (Groundball, 4M, EV 101.9 MPH)
Bottom of the 2nd over - 1 run, 3 hits, 0 errors, 2 left on base; San Francisco 2 - Los Angeles 1
TOP OF THE 3RD
San Francisco Giants batting - Pitching for Los Angeles Angels : LHP Jay Meltzer
Batting: LHB Bryce Bissinger 0-0: Ball
1-0: Swinging Strike
1-1: Ball
2-1: Ball
3-1: Foul Ball, location: 5F
3-2: Base on Balls
Batting: RHB Erik Mulloy 0-0: Called Strike
0-1: Ball
1-1: Swinging Strike
1-2: Strikes out swinging
Batting: RHB Dave Melton 0-0: SINGLE (Line Drive, 6M, EV 108.1 MPH)
Bryce Bissinger to second
Batting: RHB David Bishop 0-0: Ball
1-0: Fly out, F6 (Popup, 4MD, EV 46.3 MPH)
Batting: RHB Masataka Kato 0-0: Ball
1-0: Called Strike
1-1: Swinging Strike
1-2: 3-RUN HOME RUN (Flyball, 9LD, EV 95.0 MPH), Distance : 347 ft
Batting: RHB Danny Bute 0-0: Ball
1-0: Ground out U3 (Groundball, 34, EV 86.3 MPH)
Top of the 3rd over - 3 runs, 2 hits, 0 errors, 0 left on base; San Francisco 5 - Los Angeles 1
BOTTOM OF THE 3RD
Los Angeles Angels batting - Pitching for San Francisco Giants : RHP Tony Wise
Batting: RHB Matthew Allen 0-0: Called Strike
0-1: Foul Ball, location: 5DF
0-2: Fly out, F3 (Popup, 3SF, EV 78.1 MPH)
Batting: RHB Mel Garcia 0-0: Called Strike
0-1: Ground out 5-3 (Groundball, 56, EV 77.5 MPH)
Batting: LHB Matt Evans 0-0: Foul Ball, location: 2F
0-1: Fly out, F5 (Popup, 56, EV 55.0 MPH)
Bottom of the 3rd over - 0 runs, 0 hits, 0 errors, 0 left on base; San Francisco 5 - Los Angeles 1
TOP OF THE 4TH
San Francisco Giants batting - Pitching for Los Angeles Angels : LHP Jay Meltzer
Batting: LHB Eric Plaunt 0-0: Swinging Strike
0-1: SINGLE (Line Drive, 34D, EV 105.0 MPH)
Batting: RHB Luis Juarez 0-0: Ball
1-0: Ball
2-0: Called Strike
2-1: Ball
3-1: Grounds into double play, 4-6-3 (Groundball, 4M, EV 90.6 MPH)
Batting: RHB Ben Presley 0-0: Fly out, F7 (Flyball, 7S, EV 75.6 MPH)
Top of the 4th over - 0 runs, 1 hit, 0 errors, 0 left on base; San Francisco 5 - Los Angeles 1
BOTTOM OF THE 4TH
Los Angeles Angels batting - Pitching for San Francisco Giants : RHP Tony Wise
Batting: RHB Jimmy Powell 0-0: Ball
1-0: SINGLE (Groundball, 56D, EV 94.4 MPH)
Batting: RHB Fethi Yazîcîzâde 0-0: Called Strike
0-1: Ball
1-1: Swinging Strike
1-2: Foul Ball, location: 2F
1-2: Strikes out swinging
Batting: LHB Ken Calhoun 0-0: Called Strike
0-1: Ball
1-1: Foul Ball, location: 2RF
1-2: DOUBLE (Flyball, 7LM, EV 107.5 MPH)
Jimmy Powell to third
Batting: SHB Justin Williams 0-0: Foul Ball, location: 7LSF
0-1: Called Strike
0-2: Ball
1-2: Ground out 4-3 (Groundball, 4M, EV 83.8 MPH)
Batting: RHB David Whitehead 0-0: Called Strike
0-1: Ball
1-1: Swinging Strike
1-2: Strikes out swinging
Bottom of the 4th over - 0 runs, 2 hits, 0 errors, 2 left on base; San Francisco 5 - Los Angeles 1
TOP OF THE 5TH
San Francisco Giants batting - Pitching for Los Angeles Angels : LHP Jay Meltzer
Pitching: RHP Kevin Kulik
Batting: LHB Bryce Bissinger 0-0: Foul Ball, location: 2F
0-1: Ball
1-1: Ball
2-1: Ball
3-1: Called Strike
3-2: Fly out, F8 (Flyball, 8LM, EV 88.1 MPH)
Batting: RHB Erik Mulloy 0-0: Ground out 6-3 (Groundball, 6, EV 70.0 MPH)
Batting: RHB Dave Melton 0-0: SINGLE (Line Drive, 6MD, EV 96.9 MPH)
Batting: RHB David Bishop 0-0: TRIPLE (Flyball, 8RXD, EV 100.0 MPH)
Dave Melton scores
Batting: RHB Masataka Kato 0-0: Called Strike
0-1: Foul Ball, location: 3FF
0-2: Ball
1-2: Ball
2-2: Ball
3-2: Base on Balls
Batting: RHB Danny Bute 0-0: Ball
1-0: Ground out 4-3 (Groundball, 34D, EV 93.8 MPH)
Top of the 5th over - 1 run, 2 hits, 0 errors, 2 left on base; San Francisco 6 - Los Angeles 1
BOTTOM OF THE 5TH
Los Angeles Angels batting - Pitching for San Francisco Giants : RHP Tony Wise
Batting: RHB Mat Bushey 0-0: Ball
1-0: Foul Ball, location: 2F
1-1: Fly out, F3 (Popup, 3SF, EV 78.1 MPH)
Batting: RHB Matthew Allen 0-0: Ball
1-0: Ball
2-0: Ball
3-0: Base on Balls
Batting: RHB Mel Garcia 0-0: Called Strike
0-1: Foul Ball, location: 2F
0-2: Strikes out swinging
Batting: LHB Matt Evans 0-0: Foul Ball, location: 9LDF
0-1: Ball
1-1: Ball
2-1: Ball
3-1: Base on Balls
Matthew Allen to second
Batting: RHB Jimmy Powell 0-0: Fly out, F9 (Flyball, 9, EV 90.6 MPH)
Bottom of the 5th over - 0 runs, 0 hits, 0 errors, 2 left on base; San Francisco 6 - Los Angeles 1
TOP OF THE 6TH
San Francisco Giants batting - Pitching for Los Angeles Angels : RHP Kevin Kulik
Batting: LHB Eric Plaunt 0-0: Swinging Strike
0-1: Fly out, F5 (Popup, 25F, EV 82.5 MPH)
Batting: RHB Luis Juarez 0-0: Ball
1-0: Ball
2-0: Ground out 4-3 (Groundball, 4, EV 81.3 MPH)
Batting: RHB Ben Presley 0-0: SOLO HOME RUN (Line Drive, 7D, EV 96.3 MPH), Distance : 380 ft
Batting: LHB Bryce Bissinger 0-0: Called Strike
0-1: Ball
1-1: Ball
2-1: Foul Ball, location: 25F
2-2: Ball
3-2: Hit by Pitch
Batting: RHB Erik Mulloy 0-0: Foul Ball, location: 23F
0-1: Foul Ball, location: 9LSF
0-2: Ball
1-2: Foul Ball, location: 9LDF
1-2: Fly out, F9 (Line Drive, 9, EV 104.4 MPH)
Top of the 6th over - 1 run, 1 hit, 0 errors, 1 left on base; San Francisco 7 - Los Angeles 1
BOTTOM OF THE 6TH
Los Angeles Angels batting - Pitching for San Francisco Giants : RHP Tony Wise
Batting: RHB Fethi Yazîcîzâde 0-0: Swinging Strike
0-1: Foul Ball, location: 7LSF
0-2: Ball
1-2: Strikes out swinging
Batting: LHB Ken Calhoun 0-0: Called Strike
0-1: Ball
1-1: Ball
2-1: Foul Ball, location: 25F
2-2: Ball
3-2: DOUBLE (Line Drive, 9LS, EV 107.5 MPH)
Batting: SHB Justin Williams 0-0: Foul Ball, location: 7LDF
0-1: Ground out 3-1 (Groundball, 34, EV 107.5 MPH)
Ken Calhoun to third
Batting: RHB David Whitehead 0-0: Ball
1-0: Swinging Strike
1-1: Ball
2-1: Swinging Strike
2-2: Foul Ball, location: 7LDF
2-2: SINGLE (Groundball, 15S, EV 69.4 MPH) (infield hit)
Ken Calhoun scores
Batting: RHB Mat Bushey 0-0: Ball
1-0: Called Strike
1-1: Ball
2-1: Ball
3-1: Called Strike
3-2: Foul Ball, location: 25FF
3-2: Foul Ball, location: 3F
3-2: SINGLE (Groundball, 6D, EV 98.1 MPH)
David Whitehead to second
David Whitehead to third
Pitching: RHP Rick Rudd
Batting: RHB Matthew Allen 0-0: Called Strike
0-1: Fly out, F8 (Flyball, 78S, EV 81.9 MPH)
Bottom of the 6th over - 1 run, 3 hits, 0 errors, 2 left on base; San Francisco 7 - Los Angeles 2
TOP OF THE 7TH
San Francisco Giants batting - Pitching for Los Angeles Angels : RHP Kevin Kulik
Batting: RHB Dave Melton 0-0: Called Strike
0-1: Fly out, F2 (Popup, 2L, EV 90.6 MPH)
Batting: RHB David Bishop 0-0: Swinging Strike
0-1: Ball
1-1: Foul Ball, location: 2F
1-2: Foul Ball, location: 2F
1-2: Foul Ball, location: 9LSF
1-2: Foul Ball, location: 3F
1-2: Foul Ball, location: 2F
1-2: Strikes out swinging
Pitching: RHP Gustavo Vasquez
Batting: RHB Masataka Kato 0-0: Foul Ball, location: 9LDF
0-1: Ball
1-1: Fly out, F9 (Flyball, 9S, EV 86.9 MPH)
Top of the 7th over - 0 runs, 0 hits, 0 errors, 0 left on base; San Francisco 7 - Los Angeles 2
BOTTOM OF THE 7TH
Los Angeles Angels batting - Pitching for San Francisco Giants : RHP Rick Rudd
Batting: RHB Mel Garcia 0-0: Fly out, F2 (Popup, 2LF, EV 88.1 MPH)
Batting: LHB Matt Evans 0-0: Called Strike
0-1: Ball
1-1: Fly out, F9 (Line Drive, 9S, EV 106.9 MPH)
Batting: RHB Jimmy Powell 0-0: Swinging Strike
0-1: SINGLE (Flyball, 4D, EV 90.0 MPH)
Batting: RHB Fethi Yazîcîzâde 0-0: Foul Ball, location: 2F
0-1: Ball
1-1: Swinging Strike
1-2: Foul Ball, location: 2F
1-2: Strikes out swinging
Bottom of the 7th over - 0 runs, 1 hit, 0 errors, 1 left on base; San Francisco 7 - Los Angeles 2
TOP OF THE 8TH
San Francisco Giants batting - Pitching for Los Angeles Angels : RHP Gustavo Vasquez
Batting: RHB Danny Bute 0-0: Ball
1-0: Foul Ball, location: 9LMF
1-1: Ball
2-1: Ball
3-1: Ground out 4-3 (Groundball, 4, EV 101.9 MPH)
Batting: LHB Eric Plaunt 0-0: Called Strike
0-1: Swinging Strike
0-2: Strikes out swinging
Batting: RHB Luis Juarez 0-0: Called Strike
0-1: Foul Ball, location: 23F
0-2: Ball
1-2: Ball
2-2: Ball
3-2: Foul Ball, location: 2F
3-2: Foul Ball, location: 2F
3-2: SINGLE (Line Drive, 78M, EV 105.6 MPH)
Pitching: RHP Eduardo Astudillo
Batting: RHB Ben Presley 0-0: Called Strike
0-1: Ball
1-1: Ball
2-1: Fly out, F8 (Flyball, 8RS, EV 88.8 MPH)
Top of the 8th over - 0 runs, 1 hit, 0 errors, 1 left on base; San Francisco 7 - Los Angeles 2
BOTTOM OF THE 8TH
Los Angeles Angels batting - Pitching for San Francisco Giants : RHP Rick Rudd
Now in LF: Ernesto Pelayo
Batting: LHB Ken Calhoun 0-0: Ball
1-0: Called Strike
1-1: Called Strike
1-2: Ball
2-2: Ball
3-2: Foul Ball, location: 7LDF
3-2: Fly out, F8 (Flyball, 8LM, EV 84.4 MPH)
Batting: SHB Justin Williams 0-0: Ball
1-0: Foul Ball, location: 3F
1-1: SINGLE (Groundball, 34D, EV 100.6 MPH)
Pitching: LHP Nick Webb
Batting: RHB David Whitehead 0-0: Swinging Strike
0-1: Swinging Strike
0-2: Ball
1-2: Strikes out swinging
Batting: RHB Mat Bushey 0-0: Called Strike
0-1: Ball
1-1: Ball
2-1: Foul Ball, location: 9LSF
2-2: Fly out, F7 (Line Drive, 78M, EV 90.6 MPH)
Bottom of the 8th over - 0 runs, 1 hit, 0 errors, 1 left on base; San Francisco 7 - Los Angeles 2
TOP OF THE 9TH
San Francisco Giants batting - Pitching for Los Angeles Angels : RHP Eduardo Astudillo
Batting: LHB Bryce Bissinger 0-0: Ball
1-0: Fly out, F5 (Popup, 25F, EV 86.3 MPH)
Batting: RHB Erik Mulloy 0-0: Called Strike
0-1: Ball
1-1: Foul Ball, location: 2F
1-2: Ball
2-2: Ground out 4-3 (Groundball, 4, EV 97.5 MPH)
Batting: RHB Dave Melton 0-0: Ball
1-0: Foul Ball, location: 25F
1-1: Ball
2-1: Fly out, F5 (Popup, 56S, EV 85.0 MPH)
Top of the 9th over - 0 runs, 0 hits, 0 errors, 0 left on base; San Francisco 7 - Los Angeles 2
BOTTOM OF THE 9TH
Los Angeles Angels batting - Pitching for San Francisco Giants : LHP Nick Webb
Batting: RHB Matthew Allen 0-0: Called Strike
0-1: Swinging Strike
0-2: Ball
1-2: Fly out, F7 (Flyball, 78M, EV 88.8 MPH)
Batting: RHB Mel Garcia 0-0: Swinging Strike
0-1: Ball
1-1: Ground out 6-3 (Groundball, 6, EV 91.3 MPH)
Batting: LHB Matt Evans 0-0: Ball
1-0: Called Strike
1-1: Called Strike
1-2: Foul Ball, location: 7LMF
1-2: Foul Ball, location: 7LSF
1-2: Strikes out swinging
Bottom of the 9th over - 0 runs, 0 hits, 0 errors, 0 left on base; San Francisco 7 - Los Angeles 2
Friday, May 3rd , 2024 - OOTP Baseball 24.11 Build 85